 Dungeon Crawl Stone Soup version 0.29-a0-221-gceb61267dd (webtiles) character file.

Game seed: 13012741191327966837

326 igorguim the Bolt Thrower (level 6, -4/53 HPs)
             Began as a Minotaur Hunter on Feb 27, 2022.
             Slain by an ogre
             ... wielding a +0 giant club
              (23 damage)
             ... on level 3 of the Dungeon.
             The game lasted 00:06:38 (3224 turns).

igorguim the Bolt Thrower (Minotaur Hunter)         Turns: 3224, Time: 00:06:40

Health: -4/53      AC:  5    Str: 18    XL:     6   Next: 24%
Magic:  5/5        EV: 12    Int:  8    God:
Gold:   107        SH:  0    Dex: 11    Spells: 5/5 levels left

rFire   . . .      SeeInvis .   a - +1 hand crossbow
rCold   . . .      Faith    .   (no shield)
rNeg    . . .      Spirit   .   b - +1 leather armour
rPois   .          Reflect  .   (helmet restricted)
rElec   .          Harm     .   g - +0 cloak
rCorr   .          Rampage  .   (no gloves)
Will    .....                   (no boots)
Stlth   +.........              (no amulet)
HPRegen 0.17/turn               (no ring)
MPRegen 0.09/turn               (no ring)

@: no status effects
A: horns 2, retaliatory headbutt
a: no special abilities


You were on level 3 of the Dungeon.
You visited 1 branch of the dungeon, and saw 4 of its levels.

You collected 107 gold pieces.

Inventory:

Hand Weapons
 a - a +1 hand crossbow (weapon)
Armour
 b - a +1 leather armour (worn)
 g - a +0 cloak (worn)
Jewellery
 h - a ring of ice
Wands
 k - a wand of acid (7)
Scrolls
 f - 2 scrolls of enchant armour
 l - a scroll of silence
 m - a scroll of blinking
Potions
 c - 7 potions of curing
 d - 2 potions of flight
 e - 2 potions of berserk rage
 i - 3 potions of heal wounds
 j - a potion of resistance {unknown}


   Skills:
 + Level 4.4 Fighting
 * Level 6.6 Crossbows
 + Level 4.0 Dodging
 - Level 0.7 Stealth


You had 5 spell levels left.
You didn't know any spells.
Your spell library contained the following spells:

 Spells                   Type           Power      Damage    Failure   Level
 Ozocubu's Armour         Ice            0%         N/A       83%         3
 Metabolic Englaciation   Hex/Ice        0%         N/A       100%        5
 Simulacrum               Ice/Necr       0%         N/A       100%        6


Dungeon Overview and Level Annotations

Branches:
Dungeon (4/15)
 Temple: D:4-7

Altars:

Annotations:
D:4 Robin


Innate Abilities, Weirdness & Mutations

You have a pair of horns on your head.
You reflexively headbutt those who attack you in melee.


Message History

The ogre is lightly wounded.
The ogre closely misses you.
You shoot a bolt. The bolt hits the ogre.
The ogre is moderately wounded.
The ogre completely misses you.
You shoot a bolt.
The bolt hits the ogre but does no damage.
The ogre is moderately wounded.
The ogre barely misses you.
Robin roars a battlecry!
The goblin goes into a battle-frenzy!
You shoot a bolt. The bolt hits the ogre.
The ogre is heavily wounded.
Robin misses you.
The ogre hits you with a +0 giant club!!
You shoot a bolt. The bolt barely misses the ogre.
The bolt closely misses the kobold.
The bolt hits the goblin!
You kill the goblin!
Robin says, "Bow before me, strongest of all the hobgoblins!"
Robin closely misses you. The ogre barely misses you.
Robin completely misses you.
You shoot a bolt. The bolt hits the ogre.
The ogre is severely wounded.
The ogre misses you.
Robin hits you from afar with a +0 spear.
Robin says, "A pitiful Minotaur like you will never find the ORB!"
There is a stone staircase leading up here.
The ogre hits you with a +0 giant club!
You climb upwards.
There is a stone staircase leading down here.
You are too injured to fight recklessly!
You are too injured to fight recklessly!
You are too injured to fight recklessly!
Shoot: a) +1 hand crossbow
Press: ? - help, Shift-Dir - straight line, f - ogre
Aim: an ogre, wielding a +0 giant club (severely wounded, 77% to hit)
You shoot a bolt. The bolt hits the ogre.
The ogre is severely wounded.
The ogre hits you with a +0 giant club!!
You die...

#..#.......#<####.#
#..#.......### #.#####
#..#...<...# #[.....
#..###..#########......
#.<#...................
#.##.#............###..
#####.##.#########.#.).....
#........O.................
#.##......@................
#.######....########.##).##
#.# #....# #.##).#≈ #.#
#....########.##).#≈ #.#
###).........(..#..##≈ #.#
#.......#########.)#≈≈
#.####.#...### #..#≈≈
#.##...###.# #..#≈≈
#..........# #..##≈


You could see an ogre.

Vanquished Creatures
  A kobold brigand (D:3)
  Jessica (D:3)
  Ijyb (D:3)
  5 adders
  3 worms
  3 dart slugs
  An orc (D:3)
  6 ball pythons
  4 endoplasms
  2 giant cockroaches
  11 goblins
  14 hobgoblins
  3 quokkas
  3 bats
  5 frilled lizards
  13 kobolds
  3 rats (D:1)
79 creatures vanquished.

Vanquished Creatures (collateral kills)
  A kobold brigand (D:3)
1 creature vanquished.

Grand Total: 80 creatures vanquished

Notes
Turn   | Place    | Note
-------+----------+-------------------------------------------
     0 | D:1      | igorguim the Minotaur Hunter began the quest for the Orb.
     0 | D:1      | Reached XP level 1. HP: 18/18 MP: 0/0
   144 | D:1      | Reached XP level 2. HP: 25/25 MP: 1/1
  1108 | D:2      | Reached skill level 5 in Crossbows
  1223 | D:2      | Reached XP level 3. HP: 31/31 MP: 2/2
  1233 | D:2      | Found a faded altar of an unknown god.
  1444 | D:2      | Reached XP level 4. HP: 38/38 MP: 3/3
  2122 | D:3      | Noticed a kobold brigand
  2122 | D:3      | Noticed a kobold brigand
  2154 | D:3      | Killed a kobold brigand
  2155 | D:3      | Reached skill level 6 in Crossbows
  2155 | D:3      | Reached XP level 5. HP: 7/46 MP: 4/4
  2674 | D:3      | Noticed Jessica
  2680 | D:3      | Killed Jessica
  2711 | D:3      | Reached XP level 6. HP: 52/52 MP: 5/5
  2717 | D:3      | Noticed Ijyb
  2751 | D:3      | Killed Ijyb
  3210 | D:4      | Noticed Robin
  3224 | D:3      | Slain by an ogre

Illustrated notes

Levels and vault maps discovered:
D:1:      lemuel_arrival_tunnels, layout_basic
D:2:      layout_basic, hellmonk_ecumenical_altar_blasted, hex_tiny,
          dk_noncrumbling_3
D:3:      cheibrodos_thug_alley, layout_basic, minmay_checkerbox, uniq_jessica,
          uniq_ijyb
D:4:      cheibrodos_barr_body, layout_rooms, minmay_temple_entry_grid,
          grunt_ministairs_10, minmay_misc_feat_room, uniq_robin

Skill      XL: |  1  2  3  4  5  6 |
---------------+-------------------+-----
Crossbows      | 5 6 |  6.6
Fighting       | 3 4 |  4.4
Dodging        | 3 4 |  4.0
Stealth        | |  0.7

Action                   |  1- 3 |  4- 6 || total
-------------------------+-------+-------++-------
 Fire: Hand crossbow     |    99 |   140 ||   239
  Use: Scroll            |     6 |     5 ||    11
Armor: Leather armour    |    12 |    13 ||    25
Dodge: Dodged            |    23 |    38 ||    61

Table legend: (Time is in decaauts)
 A = Elapsed time spent in this place.
 B = Non-inter-level travel time spent in this place.
 C = Inter-level travel time spent in this place.
 D = Time resting spent in this place.
 E = Time spent auto-exploring this place.
 F = Levels seen in this place.
 G = Mean time per level.
                   A        B        C        D        E       F      G
               +--------+--------+--------+--------+--------+-----+--------+
         Total |   3283 |   3185 |     98 |    168 |   2488 |   4 |  820.8 |
       Dungeon |   3283 |   3185 |     98 |    168 |   2488 |   4 |  820.8 |
               +--------+--------+--------+--------+--------+-----+--------+

Top non-repeatable levels by time:
     D:1: 1094 daAuts
     D:2: 986 daAuts
     D:3: 976 daAuts
     D:4: 226 daAuts
